 Dungeon Crawl Stone Soup version 0.30-a0-996-ga6910c8ee8 (webtiles) character file.

Game seed: 6470241473413290031

41563 ytrimaz the Brawler (level 13, -19/133 HPs)
             Began as a Troll Transmuter on Apr 5, 2023.
             Killed from afar by an orc sorcerer (30 damage)
             ... with a bolt of fire
             ... on level 2 of the Orcish Mines.
             The game lasted 00:30:47 (17514 turns).

ytrimaz the Brawler (Troll Transmuter)             Turns: 17514, Time: 00:30:47

Health: -19/133    AC: 11    Str: 21    XL:     13   Next: 80%
Magic:  14/14      EV: 12    Int: 13    God:
Gold:   1696       SH:  0    Dex: 10    Spells: 12/14 levels left

rFire   . . .      SeeInvis .      - Unarmed
rCold   . . .      Faith    .    (no shield)
rNeg    . . .      Spirit   .    R - +0 steam dragon scales
rPois   +          Reflect  .    (helmet restricted)
rElec   .          Rampage  .    (no cloak)
rCorr   .                        (gloves unavailable)
Will    .....                    (boots unavailable)
Stlth   +                        (no amulet)
HPRegen 1.22/turn                j - +4 ring of protection
MPRegen 0.14/turn                D - ring of poison resistance

@: mighty, wereblooded (expiring)
A: large, unfitting armour, claws 3, regeneration 1, shaggy fur 1, tough skin 1
a: no special abilities


You were on level 2 of the Orcish Mines.
You visited 5 branches of the dungeon, and saw 21 of its levels.

You collected 1880 gold pieces.
You spent 184 gold pieces at shops.


Innate Abilities, Weirdness & Mutations

You are too large for most types of armour.
You have claws for hands.
Your natural rate of healing is unusually fast.
You are covered in fur. (AC +1)
You have tough skin. (AC +1)


   Skills:
 - Level 10.0 Fighting
 + Level 9.3 Dodging
 - Level 15.0 Unarmed Combat
 - Level 1.4 Spellcasting
 + Level 8.9 Transmutations


You had 12 spell levels left.
You knew the following spells:

 Your Spells              Type           Power      Damage    Failure   Level
b - Wereblood             Tmut           24%        N/A       1%          2

Your spell library contained the following spells:

 Spells                   Type           Power      Damage    Failure   Level
 Beastly Appendage        Tmut           48%        N/A       1%          1
 Passwall                 Tmut/Erth      10%        N/A       7%          2
 Spider Form              Tmut/Pois      12%        N/A       13%         3
 Ignite Poison            Fire/Tmut/Pois 8%         N/A       24%         3
 Magic Dart               Conj           0%         1d3       26%         1
 Call Imp                 Summ           0%         N/A       38%         2
 Cigotuvi's Dreadful Rot  Necr/Pois/Air  0%         N/A       38%         2
 Ensorcelled Hibernation  Hex/Ice        0%         N/A       38%         2
 Lesser Beckoning         Tloc           0%         N/A       38%         2
 Searing Ray              Conj           0%         2d4       38%         2
 Ice Form                 Ice/Tmut       12%        N/A       41%         4
 Gell's Gravitas          Tloc           0%         N/A       63%         3
 Kindle Blastsparks       Fire/Tloc/Air  0%         2d10      63%         3
 Mephitic Cloud           Conj/Pois/Air  0%         N/A       63%         3
 Stone Arrow              Conj/Erth      0%         3d7       63%         3
 Swiftness                Air            0%         N/A       63%         3
 Teleport Other           Tloc           0%         N/A       63%         3
 Animate Armour           Summ/Erth      0%         N/A       95%         4
 Dispel Undead            Necr           0%         3d6       95%         4
 Fulminant Prism          Conj/Hex       0%         3d5       95%         4
 Passage of Golubria      Tloc           0%         N/A       95%         4
 Freezing Cloud           Conj/Ice/Air   0%         6-21      100%        5
 Iskenderun's Battlesphe  Conj           0%         2d6       100%        5
 Silence                  Hex/Air        0%         N/A       100%        5
 Death Channel            Necr           0%         N/A       100%        6
 Iron Shot                Conj/Erth      0%         9d1       100%        6
 Spellforged Servitor     Conj/Summ      0%         N/A       100%        7
 Lehudib's Crystal Spear  Conj/Erth      0%         10d2      100%        8

Inventory:

Hand Weapons
 J - the +6 Majin-Bo {spellvamp, MP+6 Int+6}
   (You found it on level 7 of the Dungeon)

   Int:       It affects your intelligence (+6).
   MP:        It affects your magic capacity (+6).
Missiles
 H - a throwing net
Armour
 a - a +1 robe
 b - a scarf of invisibility
   (You found it on level 7 of the Dungeon)
 I - a +2 robe of positive energy
   (You took it off Pikel on level 8 of the Dungeon)
 R - +0 steam dragon scales (worn)
   (You found it on level 2 of the Lair of Beasts)
Jewellery
 i - a ring of protection from fire
   (You found it on level 2 of the Dungeon)
 j - a +4 ring of protection (left claw)
   (You found it on level 5 of the Dungeon)
 o - a ring of resist corrosion
   (You found it on level 4 of the Dungeon)
 t - an amulet of faith
   (You found it on level 4 of the Dungeon)
 D - a ring of poison resistance (right claw)
   (You found it on level 8 of the Dungeon)
 Q - a ring of wizardry
   (You found it on level 2 of the Lair of Beasts)
Wands
 h - a wand of flame (66)
   (You found it on level 2 of the Dungeon)
 n - a wand of charming (12)
   (You took it off Ijyb on level 4 of the Dungeon)
 z - a wand of polymorph (5)
   (You took it off Sigmund on level 6 of the Dungeon)
 B - a wand of roots (7)
   (You found it on level 6 of the Dungeon)
 G - a wand of mindburst (5)
   (You found it on level 8 of the Dungeon)
 P - a wand of light (9)
   (You found it on level 11 of the Dungeon)
Scrolls
 e - 7 scrolls of teleportation
 g - 5 scrolls of fog
 u - a scroll of torment
 w - 3 scrolls of enchant armour
 x - 2 scrolls of enchant weapon
 y - 4 scrolls of magic mapping
 A - 4 scrolls of blinking
 C - 6 scrolls of brand weapon
 E - 3 scrolls of amnesia
 F - 4 scrolls of immolation
 K - 2 scrolls of summoning
 M - a scroll of acquirement
 N - 4 scrolls of identify
 O - 3 scrolls of poison
Potions
 d - 12 potions of curing
 f - 5 potions of magic
 k - 4 potions of cancellation
 l - 4 potions of haste
 m - 3 potions of mutation
 p - 2 potions of flight
 q - 8 potions of brilliance
 r - 2 potions of resistance
 s - a potion of attraction
 v - a potion of ambrosia
 L - 2 potions of might
Miscellaneous
 c - a phantom mirror
   (You found it on level 4 of the Lair of Beasts)

Dungeon Overview and Level Annotations

Branches:
Dungeon (13/15) Zot: 26587  Temple (1/1) D:6 Zot: 5793    Lair (4/5) D:11 Zot: 19222
 Shoals (0/4) Lair:3       Spider (1/4) Lair:3 Zot: 5998   Slime (0/5) Lair:4
    Orc (2/2) D:11 Zot: 10762
    Elf: Orc:2       Vaults: D:13-14

Altars:
Ashenzari
Cheibriados
Dithmenos
Elyvilon
Fedhas
Gozag
Hepliaklqana
Kikubaaqudgha
Makhleb
Nemelex Xobeh
Okawaru
Qazlal
Ru
Sif Muna
Trog
Uskayaw
Vehumet
Wu Jian
Xom
Yredelemnul
Zin
The Shining One

Shops:
D:4 (   D:6 * Orc:2

? ## #####..#.## .∩# ##.##......#
# ..## ####...#.....## .##..#
#.#...#......# .o..#
#..#........## #..#
#.....#.....### ...
##oo###.............# ...
#o))o##.........#....
#.#..o...#@##.........#...#
#.#.o...##)##..............
#.#...###..##...........#.#
#.######..###..............
...####.####...## #..............
#...........### #.....#........
######.###### #..............
#######.###########..............
.........................#.......


You could see an orc knight, an orc sorcerer (strong), an orc priest (strong)
and 2 orc wizards.


Message History

An orc high priest comes into view.
It is wielding a +0 halberd. 😨 HP[+1] Unknown command.
You mangle the orc warrior!!
You feel a bit better.
You kill the orc warrior!
You howl as the wereblood boils in your veins!
You hear a shout! x4 😨 HP[+2]
You regained 2 hp, and now have 57/130 hp.
An orc high priest comes into view. It is wielding a +0 trident.
The orc knight hits you but does no damage.
Items here: ))) [[[. 😨 HP[+2]
You regained 2 hp, and now have 59/130 hp.
Unknown command.
The orc priest begins to cast a cantrip, but forgets the words! 😨 HP[+1]
You mangle the orc knight!! You claw the orc knight!
The orc warrior no longer looks unusually strong.
The orc priest looks braver for a moment.
The orc knight roars a battlecry!
The orcs go into a battle-frenzy! 😨 HP[+1]
You claw the orc knight!
The orc priest no longer looks unusually strong.
The orc priest looks satisfied for a moment.
The orc knight hits you with a +0 war axe!
* * * LOW HITPOINT WARNING * * *
😨 HP[-7]
You take 7 damage, and now have 54/130 hp.
Unknown command.
You mangle the orc knight!!
You feel a bit better.
You kill the orc knight! 😨 HP[+4]
You now have 132 max hp (+2).
You regained 4 hp, and now have 58/132 hp.
You claw the orc warrior! Your claw misses the orc warrior.
The orc priest no longer looks unusually strong. 😨 HP[+1] Unknown command.
You mangle the orc warrior!!
You feel a bit better.
You kill the orc warrior!
The orc priest mumbles some strange prayers to Beogh against you.
Beogh smites you!
* * * LOW HITPOINT WARNING * * *
😨 HP[-10]
You take 10 damage, and now have 49/132 hp.
The orc warrior no longer looks unusually strong.
An orc knight comes into view. It is wielding a +0 bardiche.
Items here: ))))) [[[[[ †. 😨 HP[+1]
You mangle the orc warrior!!
You feel a bit better.
You kill the orc warrior!
The orc priest looks encouraged for a moment.
An orc wizard comes into view. It is wielding a +0 dagger. 😨 HP[+4]
You regained 4 hp, and now have 54/132 hp.
Unknown command.
You mangle the orc warrior!!
You feel a bit better.
You kill the orc warrior!
Your life force feels restored. 😨 HP[+3]
You now have 133 max hp (+1).
You regained 3 hp, and now have 57/133 hp.
An orc sorcerer comes into view. It is wielding a +0 dagger.
The orc high priest hits you with a +0 halberd!
* * * LOW HITPOINT WARNING * * *
Items here: ))))) [[[[[ ††. 😨 HP[-12]
You take 12 damage, and now have 45/133 hp.
You mangle the orc high priest!!
Your primal bloodlust is almost over.
The orc priest hits you but does no damage.
The orc high priest misses you.
The orc knight roars a battlecry!
The orcs go into a battle-frenzy! 😨 HP[+1] Unknown command.
You mangle the orc high priest!!
You howl as the wereblood boils in your veins!
The orc priest hits you with a +0 mace!
* * * LOW HITPOINT WARNING * * *
An orc wizard comes into view. It is wielding a +0 dagger.
The orc high priest hits you with a +0 halberd!
* * * LOW HITPOINT WARNING * * *
The orc knight hits you from afar with a +0 bardiche!!
* * * LOW HITPOINT WARNING * * *
😱 HP[-35]
You take 35 damage, and now have 11/133 hp.
MASSIVE DAMAGE!! (PAUSE) Unknown command.
You closely miss the orc high priest. The orc priest hits you with a +0 mace.
* * * LOW HITPOINT WARNING * * *
The orc sorcerer casts a spell at you.
The bolt of fire hits the orc priest!!!
The orc priest dies!
The bolt of fire hits the orc high priest!!
The orc high priest dies!
The bolt of fire hits you!!
You die...

Skill      XL: |  1  2  3  4  5  6  7  8  9 10 11 12 13 |
---------------+----------------------------------------+-----
Fighting       | 1 2 3 4 6 7 8 10 | 10.0
Unarmed Combat | 4 5 6 8 9 12 15 | 15.0
Transmutations | 2 3 6 8 |  8.9
Dodging        | 3 7 9 |  9.3
Spellcasting   | |  1.4

Action                     |  1- 3 |  4- 6 |  7- 9 | 10-12 | 13-15 || total
---------------------------+-------+-------+-------+-------+-------++-------
  Melee: Unarmed           |   110 |   103 |   296 |   604 |   387 ||  1500
         Punch             |     5 |     2 |    19 |    44 |    27 ||    97
   Cast: Wereblood         |       |     1 |     9 |    10 |    11 ||    31
  Evoke: Wand              |       |       |       |     6 |       ||     6
    Use: Scroll            |     2 |     7 |    13 |     3 |     5 ||    30
         Potion            |       |     1 |     2 |     5 |     5 ||    13
   Stab: Sleeping          |       |     1 |       |       |       ||     1
 Armour: Robe              |    49 |    35 |   138 |   194 |       ||   416
         Skin              |       |     7 |     3 |       |       ||    10
         Steam dragon scal |       |       |       |    38 |   152 ||   190
  Dodge: Dodged            |    51 |    42 |   124 |   320 |   228 ||   765

Levels and vault maps discovered:
D:1:      scummos_arrival_checkerplants, layout_basic, st_stairs_11
D:2:      layout_rooms, nicolae_eternal_life
D:3:      minmay_razor_zed, layout_rooms
D:4:      kennysheep_the_goblin_king, layout_basic, serial_shops,
          kennysheep_mini, hangedman_abyss_or_decor_passed, uniq_ijyb
D:5:      layout_rooms, mainiacjoe_overflow_paths, minitemple, uniq_edmund
D:6:      layout_gridville, grunt_temple_overflow_open,
          mainiacjoe_overflow_catwalk_spiral, tgw_kikubaaqudgha,
          minmay_temple_entry_hall, minmay_misc_feat_diagonals,
          minmay_misc_feat_tower, nicolae_wooded_promenade,
          roderic_filled_cross, minmay_joined_circles, uniq_sigmund
D:7:      layout_loops_ring, serial_aquarium, aquarium_bridge_long_separate
          [aquarium_subvault_bridge, aquarium_subvault_bridge,
          aquarium_subvault_wall, aquarium_subvault_balcony,
          aquarium_subvault_bridge, aquarium_subvault_bridge],
          aquarium_bridge_island_small [aquarium_subvault_small_open,
          aquarium_subvault_bridge, aquarium_subvault_window,
          aquarium_subvault_bridge, aquarium_subvault_window],
          aquarium_window_fake, aquarium_window_corridor_3, aquarium_view_2b,
          aquarium_balcony_1b, minivault_11
D:8:      layout_loops_ring, uniq_pikel
D:9:      lemuel_ogre_cave, layout_cave_pods, grunt_decor_arrowhead,
          minmay_misc_feat_roman
D:10:     layout_basic, mainiacjoe_overflow_chevrons, bloody_makhleb,
          lightli_fourway_metalbox
D:11:     layout_irregular_city, due_lair_maze_entry_diamond, zombieorc2_lemuel,
          uniq_harold
D:12:     layout_loops_ring, uniq_rupert
D:13:     cheibrodos_hippocracy, layout_long_grid, serial_shops, shop_statue,
          minmay_crystal_box, uniq_lodul
Temple:   minmay_temple_curvy_loop
Lair:1:   layout_chaotic_city, uniq_grum
Lair:2:   layout_roguey, st_stairs_12, pdpol_lair_neglected_garden
Lair:3:   layout_layer_cave, elwin_shoals_entry_stream, dummy_spider_entry,
          minmay_hedge_maze
Lair:4:   layout_small_grid, slime_entry_1, worms_lemuel
Spider:1: nicolae_spider_corner, special_room,
          hangedman_spider_tarantella_strand
Orc:1:    layout_caves, basic_altar
Orc:2:    st_orc_elflike, layout_diamond_mine, uniq_donald

Notes
Turn   | Place    | Note
-------+----------+-------------------------------------------
     0 | D:1      | ytrimaz the Troll Transmuter began the quest for the Orb.
     0 | D:1      | Reached XP level 1. HP: 18/18 MP: 1/1
     0 | D:1      | magus.rc [v1.9.6]
    13 | D:1      | Reached skill level 1 in Fighting
   100 | D:1      | Reached XP level 2. HP: 27/27 MP: 2/2
   105 | D:1      | You pick up a book of Burglary and begin reading...
   105 | D:1      | You add the spells Passwall, Ensorcelled Hibernation and
                  | Swiftness to your library.
   207 | D:1      | You pick up a book of Conjurations and begin reading...
   207 | D:1      | You add the spells Magic Dart, Searing Ray and Fulminant
                  | Prism to your library.
   769 | D:2      | Reached XP level 3. HP: 31/33 MP: 3/3
   810 | D:2      | Reached skill level 4 in Unarmed Combat
   963 | D:2      | You pick up a book of Displacement and begin reading...
   963 | D:2      | You add the spells Lesser Beckoning, Gell's Gravitas and
                  | Teleport Other to your library.
  1004 | D:2      | Learned a level 2 spell: Wereblood
  1087 | D:2      | Reached XP level 4. HP: 42/42 MP: 4/4
  1336 | D:2      | Reached skill level 2 in Fighting
  1638 | D:3      | Reached XP level 5. HP: 49/50 MP: 5/5
  2141 | D:4      | Reached skill level 3 in Fighting
  2141 | D:4      | Reached skill level 5 in Unarmed Combat
  2159 | D:4      | You pick up a book of the Moon and begin reading...
  2159 | D:4      | You add the spells Passage of Golubria, Silence and
                  | Lehudib's Crystal Spear to your library.
  2165 | D:4      | Noticed Ijyb
  2180 | D:4      | Killed Ijyb
  2219 | D:4      | Noticed an ice beast
  2235 | D:4      | Killed an ice beast
  2236 | D:4      | Reached XP level 6. HP: 44/62 MP: 6/6
  2440 | D:4      | Found Seesabiw's Antique Weapon Shoppe.
  2464 | D:4      | Reached skill level 4 in Fighting
  2624 | D:4      | Reached XP level 7. HP: 58/71 MP: 7/7
  2919 | D:5      | Entered Level 5 of the Dungeon
  2920 | D:5      | Noticed Edmund
  2932 | D:5      | Killed Edmund
  2933 | D:5      | Reached skill level 5 in Fighting
  2933 | D:5      | Reached skill level 6 in Unarmed Combat
  3449 | D:5      | Found a blossoming altar of Fedhas.
  3493 | D:5      | Found a shimmering altar of Xom.
  3498 | D:5      | Found a white marble altar of Elyvilon.
  3677 | D:6      | Found Vulassit's Assorted Antiques.
  3704 | D:6      | Bought a scroll of identify for 64 gold pieces
  3704 | D:6      | Bought a scroll of identify for 64 gold pieces
  3704 | D:6      | Bought a cyan potion for 28 gold pieces
  3704 | D:6      | Bought a grey potion for 28 gold pieces
  3741 | D:6      | Found a glowing silver altar of Zin.
  3754 | D:6      | Found a hazy altar of Hepliaklqana.
  3852 | D:6      | You pick up a book of Minor Magic and begin reading...
  3852 | D:6      | You add the spells Call Imp and Mephitic Cloud to your
                  | library.
  3919 | D:6      | Reached skill level 6 in Fighting
  3919 | D:6      | Reached XP level 8. HP: 73/83 MP: 5/8
  3979 | D:6      | Found a staircase to the Ecumenical Temple.
  4032 | D:6      | Found a glowing golden altar of the Shining One.
  4033 | D:6      | Found a shadowy altar of Dithmenos.
  4034 | D:6      | Found a sparkling altar of Nemelex Xobeh.
  4235 | D:6      | Found an ancient bone altar of Kikubaaqudgha.
  4240 | D:6      | Reached skill level 7 in Unarmed Combat
  4269 | D:6      | Noticed Sigmund
  4283 | D:6      | Killed Sigmund
  4284 | D:6      | Reached skill level 2 in Transmutations
  4570 | D:6      | Reached skill level 7 in Fighting
  4654 | D:7      | You fall into a shaft and drop 3 floors!
  4654 | D:10     | Entered Level 10 of the Dungeon
  4747 | D:10     | Found a burning altar of Makhleb.
  4778 | D:9      | Noticed a hornet
  4795 | D:9      | Killed a hornet
  4796 | D:9      | Reached skill level 8 in Unarmed Combat
  4796 | D:9      | Reached XP level 9. HP: 28/93 MP: 9/9
  5115 | D:8      | Noticed Pikel
  5136 | D:8      | Killed Pikel
  5320 | D:7      | Reached skill level 8 in Fighting
  5649 | D:7      | You add the spells Kindle Blastsparks, Ignite Poison and
                  | Freezing Cloud to your library.
  5837 | D:7      | Found the +6 Majin-Bo {spellvamp, MP+6 Int+6}
  5912 | D:7      | Reached skill level 9 in Unarmed Combat
  6736 | D:9      | Reached XP level 10. HP: 48/106 MP: 10/10
  6743 | D:9      | Reached skill level 10 in Unarmed Combat
  6775 | D:9      | Reached skill level 9 in Fighting
  7455 | D:9      | You pick up a book of Power and begin reading...
  7455 | D:9      | You add the spells Iskenderun's Battlesphere, Iron Shot and
                  | Spellforged Servitor to your library.
  7598 | D:10     | Found a stormy altar of Qazlal.
  7621 | D:10     | Noticed a two-headed ogre
  7631 | D:10     | Killed a two-headed ogre
  7697 | D:10     | You pick up a book of Decay and begin reading...
  7697 | D:10     | You add the spells Cigotuvi's Dreadful Rot, Dispel Undead
                  | and Death Channel to your library.
  7714 | D:10     | Reached skill level 11 in Unarmed Combat
  7746 | D:10     | Reached skill level 10 in Fighting
  7931 | D:10     | Reached skill level 12 in Unarmed Combat
  8133 | D:10     | Noticed a tengu warrior
  8156 | D:10     | Reached XP level 11. HP: 95/117 MP: 9/11
  8228 | D:10     | Killed a tengu warrior
  8492 | D:11     | Noticed a centaur warrior
  8506 | D:11     | Killed a centaur warrior
  8507 | D:11     | Reached skill level 13 in Unarmed Combat
  8583 | D:11     | Found a staircase to the Lair.
  8784 | D:11     | Found a staircase to the Orcish Mines.
  8842 | D:11     | Noticed a red ugly thing
  8853 | D:11     | Killed a purple ugly thing
  9031 | D:11     | Noticed a two-headed ogre
  9041 | D:11     | Killed a two-headed ogre
  9042 | D:11     | Reached skill level 14 in Unarmed Combat
  9249 | D:11     | Noticed Harold
  9294 | D:11     | Killed Harold
  9640 | D:12     | Noticed a two-headed ogre
  9641 | D:12     | Noticed a deep elf pyromancer
  9643 | D:12     | Noticed a purple ugly thing
  9645 | D:12     | Killed a two-headed ogre
  9651 | D:12     | Killed a deep elf pyromancer
  9657 | D:12     | Killed a purple ugly thing
  9658 | D:12     | Reached skill level 15 in Unarmed Combat
  9735 | D:12     | Reached skill level 2 in Dodging
  9735 | D:12     | Reached skill level 3 in Transmutations
 10096 | D:12     | Noticed a deep elf pyromancer
 10100 | D:12     | Killed a deep elf pyromancer
 10101 | D:12     | Reached skill level 3 in Dodging
 10101 | D:12     | Reached XP level 12. HP: 125/126 MP: 13/13
 10303 | D:12     | Reached skill level 4 in Transmutations
 10320 | D:12     | Noticed a two-headed ogre
 10326 | D:12     | Killed a two-headed ogre
 10449 | D:12     | Reached skill level 4 in Dodging
 10503 | D:12     | Noticed Rupert
 10512 | D:12     | HP: 24/126 [Rupert/+2 heavy executioner's axe (38)]
 10517 | D:12     | Killed Rupert
 10779 | D:13     | Reached skill level 5 in Transmutations
 10873 | Lair:1   | Entered Level 1 of the Lair of Beasts
 10891 | Lair:1   | Reached skill level 5 in Dodging
 11171 | Lair:1   | Noticed Grum
 11191 | Lair:1   | Killed Grum
 11742 | Lair:1   | Reached skill level 6 in Dodging
 11742 | Lair:1   | Reached skill level 6 in Transmutations
 11750 | Lair:1   | HP: 31/126 [wolf (5)]
 11755 | Lair:1   | HP: 17/126 [wolf (1)]
 12908 | Lair:3   | Reached skill level 7 in Dodging
 12908 | Lair:3   | Reached XP level 13. HP: 44/133 MP: 14/14
 13102 | Lair:3   | You pick up a book of Armaments and begin reading...
 13102 | Lair:3   | You add the spells Stone Arrow and Animate Armour to your
                  | library.
 13138 | Lair:3   | Reached skill level 7 in Transmutations
 13344 | Lair:3   | HP: 28/133 [merfolk/+0 trident (9)]
 13349 | Lair:3   | HP: 23/133 [merfolk siren/+0 spear (7)]
 13354 | Lair:3   | HP: 22/133 [merfolk/+0 trident (3)]
 13508 | Lair:3   | Found a staircase to the Shoals.
 13557 | Lair:3   | Found a hole to the Spider Nest.
 14194 | Spider:1 | Entered Level 1 of the Spider Nest
 14371 | Lair:4   | Found a staircase to the Slime Pits.
 14435 | Lair:4   | Reached skill level 8 in Dodging
 14664 | Lair:4   | Reached skill level 8 in Transmutations
 14953 | Lair:4   | Identified a scroll of acquirement
 15272 | Lair:4   | Identified the +5 scale mail of the Blizzard {-Tele Harm
                  | SInv}
 15890 | Temple   | Entered the Ecumenical Temple
 16231 | Orc:1    | Entered Level 1 of the Orcish Mines
 16443 | Orc:2    | Entered Level 2 of the Orcish Mines
 16657 | Orc:2    | HP: 23/133 [hellwing[an orc high priest] (11)]
 16693 | Orc:1    | HP: 32/133 [orc warrior/bolt (12)]
 16700 | Orc:1    | HP: 21/133 [warg (5)]
 16705 | Orc:1    | HP: 28/133 [warg (6)]
 16721 | Orc:1    | HP: 33/133 [orc warrior/+0 glaive of freezing (3)]
 17162 | Orc:2    | Reached skill level 9 in Dodging
 17484 | Orc:2    | Found Dilic's Magic Scroll Emporium.
 17513 | Orc:2    | HP: 32/133 [orc high priest/+0 halberd (7)]
 17513 | Orc:2    | HP: 11/133 [orc knight/+0 bardiche (21)]
 17514 | Orc:2    | Killed from afar by an orc sorcerer

Vanquished Creatures
  Rupert (D:12)
  Harold (D:11)
  A centaur warrior (D:11)
  5 two-headed ogres
  A tengu warrior (D:10)
  An orc high priest (Orc:2)
  A fire crab (Lair:3)
  3 slime creatures (D:12)
  An orc knight (Orc:2)
  2 deep elf pyromancers (D:12)
  Pikel (D:8)
  An orc sorcerer (Orc:2)
  A manticore (D:13)
  2 ugly things
  3 elephants (Lair:4)
  3 cyclopes
  A black mamba (Lair:2)
  3 merfolk sirens (Lair:3)
  7 cane toads
  2 rime drakes
  An unseen horror (D:12)
  A komodo dragon (Lair:1)
  2 kobold demonologists
  4 trolls
  2 hornets (D:9)
  4 dream sheep (Lair:4)
  16 blink frogs
  Sigmund (D:6)
  2 shadows
  30 yaks
  A wraith (D:11)
  Grum (Lair:1)
  4 wyverns
  3 basilisks
  3 vampire mosquitoes (D:12)
  2 steam dragons
  Edmund (D:5)
  3 swamp worms (Lair:4)
  3 wargs
  12 two-headed ogre zombies
  An acid dragon (D:9)
  16 water moccasins
  19 orc warriors
  A sky beast (D:7)
  An ice beast (D:4)
  A black bear (D:11)
  20 wolves
  5 ogres
  2 centaurs
  A phantom (D:11)
  2 kobold brigands
  A lemure (D:8)
  11 bullfrogs
  5 scorpions
  A gnoll sergeant (D:11)
  5 wights (D:8)
  2 troll zombies (D:11)
  A killer bee (D:9)
  3 howler monkeys
  An electric eel (D:9)
  16 orc priests
  3 hounds
  4 jellies (D:6)
  3 iguanas
  12 orc wizards
  Ijyb (D:4)
  5 ogre zombies (D:11)
  9 gnolls
  9 adders
  6 shadow imps
  2 white imps
  2 ufetubi
  4 worms
  2 dart slugs
  23 orcs
  3 endoplasms
  3 giant cockroaches
  18 goblins
  9 hobgoblins
  A jackal (D:3)
  A quokka (D:1)
  9 ball pythons
  7 bats
  4 frilled lizards
  A goblin skeleton (D:11)
  6 goblin zombies (D:11)
  2 hobgoblin skeletons (D:11)
  2 hobgoblin zombies (D:11)
  17 kobolds
  3 orc skeletons (D:11)
  11 orc zombies (D:11)
  5 rats
439 creatures vanquished.

Vanquished Creatures (collateral kills)
  A merfolk (Lair:3)
  A basilisk (Lair:3)
  A bullfrog (Lair:3)
3 creatures vanquished.

Vanquished Creatures (others)
  An orc high priest (Orc:2)
  An orc warrior (Orc:2)
  A human (D:6)
  An orc priest (Orc:2)
  An orc wizard (Orc:2)
  34 fungi
  49 plants
88 creatures vanquished.

Grand Total: 530 creatures vanquished

Table legend:
 A = Non-vault XP
 B = Vault XP
 C = Vault XP percentage of total XP
 D = Non-vault monster count
 E = Vault monster count
 F = Vault count percentage of total count
                 A         B        C        D         E       F
            +---------+---------+-------+---------+---------+-------
      Total |   44458 |   15671 |  26.1 |     322 |     121 |  27.3
            +---------+---------+-------+---------+---------+-------
        D:1 |      34 |       5 |  12.8 |      21 |       4 |  16.0
        D:2 |      80 |       0 |   0.0 |      23 |       0 |   0.0
        D:3 |      69 |      13 |  15.9 |       9 |       9 |  50.0
        D:4 |     573 |      47 |   7.6 |      17 |       8 |  32.0
        D:5 |     301 |     173 |  36.5 |      10 |       1 |   9.1
        D:6 |     544 |     600 |  52.4 |      13 |       9 |  40.9
        D:7 |     621 |       0 |   0.0 |       8 |       0 |   0.0
        D:8 |     586 |     586 |  50.0 |      17 |       1 |   5.6
        D:9 |     965 |    1978 |  67.2 |       5 |      14 |  73.7
       D:10 |    3650 |    1437 |  28.2 |      18 |       4 |  18.2
       D:11 |    2740 |    2893 |  51.4 |      12 |      45 |  78.9
       D:12 |    7207 |    1896 |  20.8 |      19 |       1 |   5.0
       D:13 |    1052 |       0 |   0.0 |       2 |       0 |   0.0
     Lair:1 |    4036 |     659 |  14.0 |      18 |       5 |  21.7
     Lair:2 |    4731 |     397 |   7.7 |      28 |       1 |   3.4
     Lair:3 |    4467 |    1680 |  27.3 |      17 |       4 |  19.0
     Lair:4 |    7707 |     489 |   6.0 |      31 |       3 |   8.8
      Orc:1 |    2570 |       0 |   0.0 |      41 |       0 |   0.0
      Orc:2 |    2525 |    2818 |  52.7 |      13 |      12 |  48.0
            +---------+---------+-------+---------+---------+-------

Illustrated notes

Table legend:
 A = Kills in this place as a percentage of kills in the entire game.
 B = Kills by you in this place as a percentage of kills by you in the entire game.
 C = Kills by friends in this place as a percentage of kills by friends in the entire game.
 D = Other kills in this place as a percentage of other kills in the entire game.
 E = Experience gained in this place as a percentage of experience gained in the entire game.
 F = Experience gained in this place divided by the number of levels of this place that you have seen.
                   A       B       C       D       E      F
               +-------+-------+-------+-------+-------+----------------------
         Total | 100.0 | 100.0 | 100.0 | 100.0 | 100.0 | 2863.3
       Dungeon |  60.9 |  61.6 |   0.0 |   0.0 |  46.6 | 2157.7
          Lair |  24.2 |  23.7 | 100.0 |   0.0 |  40.2 | 6041.5
  Orcish Mines |  14.9 |  14.6 |   0.0 | 100.0 |  13.2 | 3956.5
               +-------+-------+-------+-------+-------+----------------------

Table legend: (Time is in decaauts)
 A = Elapsed time spent in this place.
 B = Non-inter-level travel time spent in this place.
 C = Inter-level travel time spent in this place.
 D = Time resting spent in this place.
 E = Time spent auto-exploring this place.
 F = Levels seen in this place.
 G = Mean time per level.
                   A        B        C        D        E       F      G
               +--------+--------+--------+--------+--------+-----+--------+
         Total |  17174 |  16173 |   1001 |    706 |  12487 |  21 |  817.8 |
       Dungeon |  10951 |  10258 |    693 |    480 |   7830 |  13 |  842.4 |
        Temple |    206 |    182 |     24 |      0 |    176 |   1 |  206.0 |
          Lair |   4778 |   4523 |    255 |    197 |   3622 |   4 | 1194.5 |
   Spider Nest |      1 |      1 |      0 |      0 |      0 |   1 |    1.0 |
  Orcish Mines |   1236 |   1207 |     29 |     28 |    859 |   2 |  618.0 |
               +--------+--------+--------+--------+--------+-----+--------+

Top non-repeatable levels by time:
  Lair:4: 1442 daAuts
  Lair:3: 1381 daAuts
    D:11: 1218 daAuts
     D:9: 1170 daAuts
    D:12: 1078 daAuts
  Lair:1: 1025 daAuts
     D:6: 1015 daAuts
    D:10: 981 daAuts
  Lair:2: 928 daAuts
     D:4: 915 daAuts
     D:8: 905 daAuts
     D:7: 856 daAuts
     D:1: 760 daAuts
     D:5: 735 daAuts
   Orc:1: 643 daAuts
